 Dungeon Crawl Stone Soup version 0.29.1-1-gd02db6906a (webtiles) character file.

Game seed: 15978266385145333472

493689 MisterFreud the Formicid Barricade (level 26, 0/222 HPs)
             Began as a Formicid Gladiator on Oct 8, 2022.
             Was a Believer of Yredelemnul.
             Constricted to death by a tentacled monstrosity (3 damage)
             ... on level 1 of the Realm of Zot.
             The game lasted 01:57:46 (50837 turns).

MisterFreud the Formicid Barricade (FoGl)          Turns: 50837, Time: 01:57:47

Health: 0/222      AC: 36    Str: 26    XL:     26   Next: 2%
Magic:  34/34      EV:  5    Int: 28    God:    Yredelemnul [**....]
Gold:   4654       SH: 31    Dex: 19    Spells: 25/25 levels left

rFire   + . .      SeeInvis +   l - +12 pair of quick blades "Gyre" and "Gimble" {protect}
rCold   . . .      Faith    .   E - +5 tower shield of Gravity {rC- rCorr Int+10 SInv}
rNeg    . . .      Spirit   .   I - +3 crystal plate armour "Barye" {Int+9}
rPois   +          Reflect  .   (helmet unavailable)
rElec   +          Harm     .   g - +0 cloak of Orhus {rElec Will+}
rCorr   +          Rampage  .   F - +0 pair of gloves
Will    +++..                   G - +0 pair of boots
Stlth   ..........              U - amulet of regeneration
HPRegen 1.27/turn               p - +4 ring of slaying
MPRegen 0.24/turn               O - ring of Titat {rPois rF+ rC+}

@: constricted, studying 4 skills
A: permanent stasis, dig shafts and tunnels, antennae 3, four strong arms
}: 3/15 runes: barnacled, silver, gossamer
a: Dig, Shaft Self, Renounce Religion, Recall Undead Harvest, Dark Bargain


You were on level 1 of the Realm of Zot.
You worshipped Yredelemnul.
Yredelemnul was pleased with you.
You visited 10 branches of the dungeon, and saw 44 of its levels.
You visited 1 bazaar.
You also visited: Bailey.

You collected 7964 gold pieces.
You spent 3310 gold pieces at shops.

Inventory:

Hand Weapons
 h - the +10 lajatang of the Jester {pain, rPois rF- Will+ MP+9}
   (You found it on level 2 of the Spider Nest)

   In the hands of one skilled in necromantic magic, it inflicts extra damage on
   living creatures.
   rF:        It makes you vulnerable to fire.
   rPois:     It protects you from poison.
   MP:        It affects your magic capacity (+9).
   Will:      It increases your willpower.
 l - the +12 pair of quick blades "Gyre" and "Gimble" (weapon) {protect}
   (You acquired it on level 2 of the Dungeon)

   It grants its wielder temporary protection when it strikes (+7 to AC).
 o - the +6 arbalest "Damnation" {damnation}
   (You found it on level 5 of the Vaults)

   Any ammunition fired from it explodes in a burst of damnation on striking a
   foe, dealing damage which bypasses armour.
 J - a +8 lajatang of electrocution
 W - a +4 spectral lajatang
Missiles
 a - 9 boomerangs of dispersal (quivered)
 c - 8 throwing nets
 d - 21 javelins
Armour
 g - the +0 cloak of Orhus (worn) {rElec Will+}
   (You acquired it on level 2 of the Dungeon)

   rElec:     It insulates you from electricity.
   Will:      It increases your willpower.
 E - the +5 tower shield of Gravity (worn) {rC- rCorr Int+10 SInv}
   (You acquired it on level 2 of the Lair of Beasts)

   Int:       It affects your intelligence (+10).
   rC:        It makes you vulnerable to cold.
   SInv:      It lets you see invisible.
   rCorr:     It protects you from acid and corrosion.
 F - a +0 pair of gloves (worn)
 G - a +0 pair of boots (worn)
 I - the +3 crystal plate armour "Barye" (worn) {Int+9}
   (You took it off an orc knight in a bailey)

   Int:       It affects your intelligence (+9).
Jewellery
 m - the ring of Etru {rElec rPois Will++ Str+6}
   (You found it on level 3 of the Elven Halls)

   [ring of strength]

   Str:       It affects your strength (+6).
   rElec:     It insulates you from electricity.
   rPois:     It protects you from poison.
   Will:      It greatly increases your willpower.
 p - a +4 ring of slaying (left hand)
 M - a +6 ring of strength
 O - the ring of Titat (right hand) {rPois rF+ rC+}
   (You found it on level 5 of the Lair of Beasts)

   [ring of poison resistance]

   rF:        It protects you from fire.
   rC:        It protects you from cold.
   rPois:     It protects you from poison.
 U - an amulet of regeneration (around neck)
Wands
 u - a wand of digging (7)
 B - a wand of quicksilver (33)
 C - a wand of charming (9)
 K - a wand of flame (31)
 N - a wand of iceblast (24)
 P - a wand of mindburst (35)
 V - a wand of polymorph (5)
Scrolls
 b - 10 scrolls of butterflies
 f - 6 scrolls of magic mapping
 r - 9 scrolls of fear
 s - 3 scrolls of enchant weapon
 x - 3 scrolls of summoning
 y - 8 scrolls of silence
 H - 2 scrolls of poison
 T - 5 scrolls of amnesia
 Y - 4 scrolls of brand weapon
 Z - 9 scrolls of enchant armour
Potions
 e - 11 potions of brilliance
 i - 8 potions of heal wounds
 j - 19 potions of curing
 k - 8 potions of might
 n - 10 potions of attraction
 q - 5 potions of mutation
 t - 7 potions of flight
 v - 6 potions of ambrosia
 w - 7 potions of magic
 z - 5 potions of invisibility
 L - 3 potions of cancellation
 Q - 10 potions of resistance
Miscellaneous
 A - a lightning rod (4/4)
 D - a phial of floods
 R - a phantom mirror
 S - a piece from Xom's chessboard (15/15)
 X - a box of beasts


   Skills:
 + Level 21.5 Fighting
 + Level 21.3 Short Blades
 - Level 5.0 Staves
 - Level 2.0 Throwing
 + Level 21.5 Armour
 - Level 2.6 Dodging
 - Level 5.0 Stealth
 O Level 27 Shields
 - Level 15.0 Invocations
 - Level 15.0 Evocations


You had 25 spell levels left.
You didn't know any spells.
Your spell library contained the following spells:

 Spells                   Type           Power      Damage    Failure   Level
 Foxfire                  Conj/Fire      0%         2x1d4     78%         1
 Magic Dart               Conj           0%         1d3       78%         1
 Necrotise                Necr           0%         1d4       78%         1
 Shock                    Conj/Air       0%         1d3       78%         1
 Sting                    Tmut/Pois      0%         1d3       78%         1
 Call Imp                 Summ           0%         N/A       89%         2
 Poisonous Vapours        Pois/Air       0%         N/A       89%         2
 Searing Ray              Conj           0%         2d4       89%         2
 Static Discharge         Conj/Air       0%         3-3/arc   89%         2
 Sublimation of Blood     Necr           0%         N/A       89%         2
 Wereblood                Tmut           0%         N/A       89%         2
 Call Canine Familiar     Summ           0%         N/A       98%         3
 Conjure Flame            Conj/Fire      0%         6-21      98%         3
 Dazzling Flash           Conj/Hex       0%         N/A       98%         3
 Frozen Ramparts          Ice            0%         1d1       98%         3
 Gell's Gravitas          Tloc           0%         N/A       98%         3
 Ignite Poison            Fire/Tmut/Pois 0%         N/A       98%         3
 Inner Flame              Hex/Fire       0%         N/A       98%         3
 Mephitic Cloud           Conj/Pois/Air  0%         N/A       98%         3
 Portal Projectile        Hex/Tloc       0%         N/A       98%         3
 Spider Form              Tmut/Pois      0%         N/A       98%         3
 Stone Arrow              Conj/Erth      0%         3d7       98%         3
 Summon Guardian Golem    Hex/Summ       0%         N/A       98%         3
 Teleport Other           Tloc           0%         N/A       98%         3
 Tukima's Dance           Hex            0%         N/A       98%         3
 Vampiric Draining        Necr           0%         2d6       98%         3
 Airstrike                Air            0%         2d(0-16)  100%        4
 Anguish                  Hex/Necr       0%         N/A       100%        4
 Animate Armour           Summ/Erth      0%         N/A       100%        4
 Cause Fear               Hex            0%         N/A       100%        4
 Corpse Rot               Necr/Pois/Air  0%         N/A       100%        4
 Dispel Undead            Necr           0%         3d6       100%        4
 Flame Wave               Conj/Fire      0%         2d4       100%        4
 Hailstorm                Conj/Ice       0%         3d3       100%        4
 Ice Form                 Ice/Tmut       0%         N/A       100%        4
 Iskenderun's Mystic Bla  Conj/Tloc      0%         2d3       100%        4
 Leda's Liquefaction      Hex/Erth       0%         N/A       100%        4
 Olgreb's Toxic Radiance  Pois           0%         N/A       100%        4
 Passage of Golubria      Tloc           0%         N/A       100%        4
 Summon Ice Beast         Ice/Summ       0%         N/A       100%        4
 Summon Lightning Spire   Summ/Air       0%         N/A       100%        4
 Agony                    Necr           0%         N/A       100%        5
 Blade Hands              Tmut           0%         N/A       100%        5
 Freezing Cloud           Conj/Ice/Air   0%         6-21      100%        5
 Irradiate                Conj/Tmut      0%         3d11      100%        5
 Lightning Bolt           Conj/Air       0%         1d11      100%        5
 Summon Mana Viper        Hex/Summ       0%         N/A       100%        5
 Yara's Violent Unravell  Hex/Tmut       0%         3d3       100%        5
 Conjure Ball Lightning   Conj/Air       0%         3x3d6     100%        6
 Dispersal                Tloc           0%         N/A       100%        6
 Starburst                Conj/Fire      0%         6d3       100%        6
 Dragon Form              Tmut           0%         N/A       100%        7
 Haunt                    Necr/Summ      0%         N/A       100%        7
 Malign Gateway           Summ/Tloc      0%         N/A       100%        7
 Monstrous Menagerie      Summ           0%         N/A       100%        7
 Orb of Destruction       Conj           0%         9d5       100%        7
 Ozocubu's Refrigeration  Ice            0%         4d7       100%        7
 Spellforged Servitor     Conj/Summ      0%         N/A       100%        7
 Summon Hydra             Summ           0%         N/A       100%        7
 Discord                  Hex            0%         N/A       100%        8
 Disjunction              Tloc           0%         N/A       100%        8
 Infestation              Necr           0%         N/A       100%        8
 Lehudib's Crystal Spear  Conj/Erth      0%         10d2      100%        8
 Summon Horrible Things   Summ           0%         N/A       100%        8
 Chain Lightning          Conj/Air       0%         N/A       100%        9
 Shatter                  Erth           0%         3d5*      100%        9
 Swiftness                Air            Unusable   N/A       N/A         3
 Animate Dead             Necr           Unusable   N/A       N/A         4
 Death Channel            Necr           Unusable   N/A       N/A         6
 Simulacrum               Ice/Necr       Unusable   N/A       N/A         6

Dungeon Overview and Level Annotations

Branches:
Dungeon (15/15)            Temple (1/1) D:7            Lair (5/5) D:9
 Shoals (4/4) Lair:2       Spider (4/4) Lair:2        Slime (0/5) Lair:4
    Orc (2/2) D:11            Elf (3/3) Orc:2        Vaults (5/5) D:13
  Crypt (0/3) Vaults:2     Depths (4/4) D:15            Zot (1/5) Depths:4
 Bailey (visited)

Altars:
Dithmenos
Elyvilon
Gozag
Hepliaklqana
Kikubaaqudgha
Ru
Sif Muna
Wu Jian
Yredelemnul
Zin
Jiyva

Shops:
D:2 *   D:12 *   Orc:2 !=!*   Shoals:1 =   Shoals:2 (   Shoals:4 =   Vaults:5 =

Portals:
Hell: Depths:1 Depths:2 Depths:3 Depths:4
Abyss: Depths:3
Pandemonium: Depths:2
Ziggurat: Depths:2

Annotations:
D:7 3 runed translucent doors, mtoz's ghost, novice GnWn
D:9 exclusion: oklob plant
Depths:4 2 transporters, EvilAshe's ghost, veteran VSBe


Innate Abilities, Weirdness & Mutations

You cannot be hasted, slowed, berserked, paralysed or teleported.
You can dig through walls and to a lower floor.
You have a pair of large antennae on your head. (SInv)
Your four strong arms can wield two-handed weapons with a shield.


Message History

The tentacled monstrosity constricts you.
* * * LOW HITPOINT WARNING * * *
The green draconian hits you with a +0 hand axe!
* * * LOW HITPOINT WARNING * * *
The green draconian tail-slaps you.
* * * LOW HITPOINT WARNING * * *
The death cob hits you!
* * * LOW HITPOINT WARNING * * *
Your bound golden dragon bites the death drake!
Your bound golden dragon barely misses the death drake.
Your bound golden dragon tramples the death drake but does no damage.
The tentacled monstrosity tentacle-slaps you but does no damage. x2
You block the tentacled monstrosity's attack.
The tentacled monstrosity constricts you.
* * * LOW HITPOINT WARNING * * *
The white draconian stormcaller hits you with a +0 dagger!
* * * LOW HITPOINT WARNING * * *
Unknown command.
Unknown command.
Unknown command.
Unknown command.
As you read the scroll of fear, it crumbles to dust.
You assume a fearsome visage.
The death drake looks frightened!
The tentacled monstrosity is unaffected.
The white draconian stormcaller looks frightened!
The green draconian is unaffected.
The death cob is unaffected.
The death drake is unaffected.
The lindwurm looks frightened!
You block the death cob's attack. You block the green draconian's attack.
The green draconian tail-slaps you!
* * * LOW HITPOINT WARNING * * *
You block the death cob's attack.
Your bound golden dragon bites the lindwurm but does no damage.
Your bound golden dragon claws the lindwurm but does no damage.
Your bound golden dragon tramples the lindwurm.
The lindwurm stumbles backwards!
The tentacled monstrosity barely misses you. x2
The tentacled monstrosity tentacle-slaps you but does no damage.
The tentacled monstrosity constricts you.
You die...
Your body rises from the dead as a mindless zombie.

#.........#
#.........#
#..k.....k#
#.........#
#.....○..q####
#.........l..>
#....q........
+...kZ@...ql..
#...kdXz......
#.........y...
#.............
#...!.q..kdl..
#.............
#.............
+.............


You could see a tentacled monstrosity (berserk), 2 draconians, a death cob, 3
draconians, a red draconian scorcher (fleeing), 3 death drakes, 2 lindwurms, a
moth of wrath (fleeing), 3 komodo dragons and a friendly bound golden dragon
(catching breath).

Vanquished Creatures
  A dread lich (Vaults:5)
  An ancient lich (Vaults:5)
  Mennas (Vaults:2)
  Arachne (Spider:3)
  A golden dragon (Depths:4)
  A walking earthen tome (Depths:4)
  Jorgrun (D:15)
  4 tentacled monstrosities
  A deep elf master archer (Elf:3)
  2 titans (Vaults:5)
  Agnes (Elf:2)
  A death cob (Zot:1)
  Gastronok (Lair:3)
  3 sphinxes
  Frances (D:13)
  3 shadow dragons (Vaults:5)
  7 tengu reavers (Vaults:5)
  2 storm dragons
  Donald (Vaults:2)
  2 iron dragons (Vaults:5)
  5 deep elf sorcerers (Elf:3)
  3 orc warlords
  6 fire giants
  3 ghost moths
  An emperor scorpion (Spider:4)
  10 vault wardens
  4 frost giants
  4 deep elf elementalists (Elf:3)
  13 ironbound preservers
  The ghost of p0werm0de the Brawler, a journeyman BaIE of Jiyva (Spider:3)
  A draconian annihilator (Depths:4)
  2 spriggan defenders (Depths:2)
  15 very ugly things
  2 broodmothers (Spider:4)
  A war gargoyle (Vaults:5)
  An ironbound thunderhulk (Vaults:2)
  9 stone giants
  2 deep elf demonologists (Elf:3)
  An eleionoma (Depths:2)
  2 vampire knights
  A dire elephant (shapeshifter) (Depths:3)
  5 deep elf annihilators (Elf:3)
  Nessos (Lair:4)
  5 spark wasps
  7 dire elephants
  2 red draconians (Depths:4)
  2 white draconians (Depths:4)
  2 merfolk javelineers (Shoals:4)
  Snorg (Orc:1)
  3 deep elf death magi
  2 crystal guardians (Vaults:3)
  6 ettins
  2 deep elf high priests (Elf:3)
  8 yaktaur captains
  3 fire dragons
  3 merfolk impalers
  A rakshasa (D:13)
  2 ice dragons
  5 great orbs of eyes
  2 spriggan air magi
  17 vault guards
  10 boulder beetles
  7 hydras
  6 ironbound frosthearts
  2 merfolk avatars (Shoals:4)
  A catoblepas (Lair:5)
  7 deep troll shamans
  6 centaur warriors
  2 death knights
  5 two-headed ogres
  3 satyrs (Depths:2)
  24 dancing weapons
  Erica (Orc:1)
  A merfolk aquamancer (Shoals:4)
  5 death yaks
  6 tengu warriors
  9 deep troll earth magi
  Urug (Lair:3)
  4 orc high priests (Orc:2)
  3 hell knights
  Nergalle (Orc:1)
  14 deep elf knights
  6 spriggan berserkers
  3 pharaoh ants
  Lodul (D:13)
  6 sea snakes
  7 iron trolls
  A sun moth (Spider:2)
  A steelbarb worm (shapeshifter) (Vaults:2)
  A flayed ghost (Depths:3)
  A ghost moth zombie (Spider:4)
  5 skeletal warriors (D:15)
  47 deep trolls
  4 steelbarb worms
  8 deep elf archers
  2 spriggan riders (Depths:2)
  4 phantasmal warriors
  3 glowing orange brains
  14 deep elf pyromancers
  8 wizards
  10 ironbound convokers
  5 lindwurms
  5 necromancers
  10 harpies
  14 deep elf zephyrmancers
  13 orc knights
  15 wolf spiders
  7 fauns
  15 slime creatures
  An orc sorcerer (Bailey)
  10 manticores
  12 elephants
  22 ugly things
  12 cyclopes
  4 black mambas
  3 moths of wrath
  Joseph (D:7)
  A rust devil (Depths:2)
  3 water nymphs
  3 merfolk sirens (Shoals:4)
  3 torpor snails
  A molten gargoyle (Depths:2)
  7 vault sentinels
  Maggie (D:9)
  9 cane toads
  An unseen horror (D:11)
  23 yaktaurs
  3 kobold demonologists
  A rime drake (Lair:2)
  6 demonic crawlers
  2 freezing wraiths
  A komodo dragon (shapeshifter) (Vaults:5)
  An efreet (D:14)
  3 tengu conjurers
  4 komodo dragons
  6 trolls
  7 hornets
  3 wind drakes
  14 merfolk
  A wind drake (shapeshifter) (Vaults:5)
  10 tarantellas
  4 blink frogs
  An air elemental (Elf:1)
  6 snapping turtles
  10 culicivoras
  7 jumping spiders
  3 shadows
  3 spriggans (Depths:2)
  A culicivora (shapeshifter) (D:14)
  4 wraiths
  52 yaks
  8 water elementals
  3 wyverns
  A basilisk (Lair:2)
  16 hogs
  29 redbacks
  A vampire mosquito (D:12)
  A fire elemental (Elf:2)
  3 steam dragons
  Edmund (D:4)
  7 wargs
  An acid dragon (D:11)
  10 water moccasins
  3 sky beasts
  3 black bears
  38 orc warriors
  25 wolves
  7 centaurs
  13 ogres
  2 phantoms
  4 kobold brigands
  9 bullfrogs
  An earth elemental (Elf:2)
  3 gnoll sergeants
  4 scorpions (D:5)
  12 wights
  3 killer bees (D:10)
  5 howler monkeys
  11 electric eels
  3 jellies
  26 orc priests
  3 gnoll boudas
  7 hounds
  An iguana (D:5)
  16 orc wizards
  24 gnolls
  6 adders
  A shadow imp (D:5)
  A white imp (D:8)
  67 orcs
  4 bats
  6 endoplasms
  A giant cockroach (D:2)
  12 goblins
  13 hobgoblins
  8 jackals
  4 quokkas
  7 ball pythons
  4 frilled lizards
  51 kobolds
  7 rats
1302 creatures vanquished.

Vanquished Creatures (collateral kills)
  A golden dragon (Vaults:5)
  the Enchantress (Depths:2)
  Zenata (Vaults:2)
  A deep elf master archer (Elf:3)
  3 sphinxes
  2 tengu reavers
  2 storm dragons
  3 fire giants
  4 deep elf sorcerers
  An orc warlord (Vaults:1)
  4 frost giants
  3 vault wardens
  5 emperor scorpions (Spider:4)
  A ghost moth (Spider:4)
  2 spectral caustic shrikes (Depths:4)
  3 deep elf elementalists
  4 very ugly things
  6 ironbound preservers
  A spriggan defender (Depths:2)
  A broodmother (Spider:3)
  4 ironbound thunderhulks
  A war gargoyle (Vaults:5)
  5 deep elf annihilators (Elf:3)
  An eleionoma (Depths:2)
  4 stone giants
  6 dire elephants
  5 spark wasps
  2 entropy weavers
  4 deep elf death magi
  2 crystal guardians (Vaults:1)
  4 ettins (Depths:2)
  3 merfolk javelineers (Shoals:4)
  7 merfolk impalers
  3 fire dragons
  5 yaktaur captains
  2 deep elf high priests (Elf:3)
  An ice dragon (Depths:2)
  A rakshasa (Depths:1)
  2 peacekeepers
  16 vault guards
  2 boulder beetles
  A hydra (Lair:5)
  5 ironbound frosthearts
  2 catoblepae
  A spriggan air mage (Depths:2)
  2 alligator snapping turtles
  A two-headed ogre (shapeshifter) (Vaults:3)
  7 centaur warriors (Vaults:2)
  8 dancing weapons
  2 deep troll shamans
  3 satyrs
  4 merfolk aquamancers
  A death knight (Vaults:2)
  A tengu warrior (Depths:1)
  6 death yaks
  6 hell knights
  2 orc high priests
  A spriggan berserker (Depths:2)
  4 deep elf knights
  3 pharaoh ants
  6 sea snakes
  4 iron trolls
  2 skeletal warriors (D:15)
  2 sun moths (Spider:4)
  A spriggan rider (Depths:2)
  31 deep trolls
  2 steelbarb worms
  3 orb spiders
  A glowing orange brain (Depths:2)
  11 deep elf pyromancers
  2 wizards
  2 phantasmal warriors
  3 lindwurms (Vaults:1)
  8 orc knights
  14 deep elf zephyrmancers
  14 harpies
  9 deep elf archers
  3 wolf spiders (Spider:4)
  4 ironbound convokers
  5 fauns
  5 cyclopes
  6 manticores
  14 ugly things
  An elephant (shapeshifter) (Depths:3)
  3 merfolk sirens
  3 water nymphs
  2 elephants
  11 vault sentinels
  A cane toad (Lair:2)
  A torpor snail (Spider:3)
  2 demonic crawlers
  7 yaktaurs
  A tengu conjurer (Depths:2)
  16 merfolk
  A troll (shapeshifter) (Elf:2)
  5 tarantellas
  5 wind drakes
  4 blink frogs (Lair:3)
  3 hornets
  5 slime creatures
  A slime creature (shapeshifter) (Vaults:5)
  A dream sheep (shapeshifter) (Vaults:5)
  7 jumping spiders
  A culicivora (shapeshifter) (D:15)
  7 snapping turtles
  2 spriggans (Depths:2)
  4 yaks
  3 culicivoras
  3 hogs
  A wraith (D:11)
  15 water elementals
  A wyvern (D:11)
  A fire elemental (Elf:1)
  17 redbacks
  A vampire mosquito (D:12)
  A water moccasin (Lair:5)
  A hornet zombie (Depths:2)
  4 orc warriors
  2 centaurs
  An ogre (D:13)
  A wolf (Lair:1)
  A bullfrog (Lair:4)
  An electric eel (Spider:4)
  6 orc priests
  An orc wizard (Elf:1)
  15 orcs
  A ball python (Depths:1)
  A goblin (Bailey)
  4 kobolds (D:10)
  A rat (Depths:1)
  2 bushes (Lair:5)
520 creatures vanquished.

Vanquished Creatures (others)
  A golden dragon (Depths:4)
  A spectral tentacled monstrosity (Vaults:5)
  A spectral minotaur (Depths:2)
  A spectral human (Orc:2)
  A very ugly thing zombie (Depths:2)
  6 spriggan zombies (Depths:2)
  A vault guard (Vaults:5)
  A spectral satyr (Depths:4)
  A spectral broodmother (Spider:3)
  A spark wasp zombie (Depths:3)
  A shadow dragon zombie (Vaults:5)
  2 broodmother zombies (Spider:4)
  2 sphinx zombies
  3 wolf spider zombies
  A deep elf pyromancer (Elf:3)
  4 ugly thing zombies
  22 human zombies
  A frost giant zombie (Depths:3)
  2 centaur zombies (Vaults:2)
  2 dire elephant zombies (Vaults:1)
  2 steelbarb worm zombies
  An orb spider zombie (Spider:4)
  2 iron troll zombies
  2 sea snake zombies (Shoals:3)
  A spectral glowing orange brain (Depths:2)
  6 redback zombies
  4 harpy zombies
  3 tarantella zombies
  A tarantella (Spider:4)
  4 culicivora zombies
  A fire dragon zombie (Depths:2)
  2 satyr zombies (Depths:2)
  A jumping spider zombie (Spider:3)
  An ice dragon zombie (Depths:1)
  A wind drake zombie (Vaults:5)
  A spriggan (Depths:2)
  A spectral rust devil (Depths:2)
  A tengu zombie (Depths:2)
  A merfolk zombie (Shoals:4)
  2 water nymph zombies
  2 cane toad zombies
  9 deep troll zombies
  2 hornet zombies (Depths:2)
  A dream sheep zombie (Vaults:5)
  A blink frog zombie (Lair:2)
  2 manticore zombies
  An elephant zombie (Lair:5)
  12 elf zombies
  3 hog zombies (Orc:2)
  5 yaktaur zombies
  9 yak zombies
  A troll zombie (Elf:2)
  2 kobold zombies
  2 ogre zombies
  2 hound zombies (D:9)
  4 spectral electric eels
  45 orc zombies
  A jelly zombie (D:8)
  5 gnoll zombies
  2 goblin zombies (Bailey)
  2 hobgoblin zombies (Bailey)
  2 bushes
  69 fungi
  183 plants
460 creatures vanquished.

Grand Total: 2282 creatures vanquished

Notes
Turn   | Place    | Note
-------+----------+-------------------------------------------
     0 | D:1      | MisterFreud the Formicid Gladiator began the quest for the
                  | Orb.
     0 | D:1      | Reached XP level 1. HP: 16/16 MP: 1/1
   175 | D:1      | Reached XP level 2. HP: 16/22 MP: 2/2
   551 | D:1      | Found a faded altar of an unknown god.
   949 | D:1      | Reached XP level 3. HP: 21/27 MP: 3/3
  1513 | D:2      | Found Ujump's Assorted Antiques.
  1618 | D:2      | Bought a scroll labelled OFAASIO IHOM for 19 gold pieces
  1618 | D:2      | Bought a scroll labelled ENTEOD AXA for 19 gold pieces
  1638 | D:2      | Reached XP level 4. HP: 24/33 MP: 4/4
  1876 | D:2      | Found a shimmering blue altar of Sif Muna.
  1890 | D:2      | Reached skill level 5 in Staves
  2432 | D:2      | Bought a smoky golden potion for 17 gold pieces
  2432 | D:2      | Bought a scroll labelled VUIK UCUIDU for 19 gold pieces
  2434 | D:2      | Identified 2 scrolls of acquirement
  2434 | D:2      | Acquired the +12 pair of quick blades "Gyre" and "Gimble"
                  | {protect}
  2434 | D:2      | Found the +12 pair of quick blades "Gyre" and "Gimble"
                  | {protect}
  2437 | D:2      | Acquired the +0 cloak of Orhus {rElec Will+}
  3282 | D:4      | Noticed Edmund
  3323 | D:4      | Killed Edmund
  3324 | D:4      | Reached XP level 5. HP: 28/38 MP: 5/5
  3324 | D:4      | Reached XP level 6. HP: 33/44 MP: 6/6
  3942 | D:5      | Entered Level 5 of the Dungeon
  3967 | D:5      | Noticed a kobold demonologist
  3971 | D:5      | Reached skill level 5 in Short Blades
  3971 | D:5      | Reached XP level 7. HP: 50/50 MP: 7/7
  3981 | D:5      | Killed a kobold demonologist
  3982 | D:5      | Reached XP level 8. HP: 53/56 MP: 8/8
  5401 | D:6      | Reached XP level 9. HP: 60/61 MP: 9/9
  5535 | D:6      | Found a glowing silver altar of Zin.
  5542 | D:6      | Reached skill level 10 in Short Blades
  5697 | D:6      | Reached skill level 1 in Stealth
  5753 | D:6      | Reached skill level 1 in Armour
  6968 | D:7      | Noticed Joseph
  6981 | D:7      | Killed Joseph
  6982 | D:7      | Reached skill level 5 in Fighting
  6982 | D:7      | Reached skill level 5 in Stealth
  6982 | D:7      | Reached XP level 10. HP: 64/75 MP: 10/10
  7190 | D:7      | Found a runed translucent gate.
  7191 | D:7      | Found a runed translucent gate.
  7192 | D:7      | Found a runed translucent gate.
  7193 | D:7      | Noticed mtoz's ghost (novice GnWn)
  7287 | D:7      | Reached skill level 5 in Armour
  7541 | D:7      | You fall into a shaft and drop 1 floor!
  7698 | D:8      | Noticed a cyclops
  7706 | D:8      | Killed a cyclops
  7707 | D:8      | Reached skill level 1 in Evocations
  7914 | D:7      | Found a staircase to the Ecumenical Temple.
  7935 | Temple   | Entered the Ecumenical Temple
  8040 | Temple   | Became a worshipper of Yredelemnul the Dark
  8337 | D:8      | Reached skill level 1 in Invocations
  8360 | D:8      | Reached * piety under Yredelemnul
  8386 | D:8      | Reached ** piety under Yredelemnul
  8400 | D:8      | Reached skill level 5 in Evocations
  8553 | D:8      | Reached *** piety under Yredelemnul
  8556 | D:8      | Reached XP level 11. HP: 85/86 MP: 13/13
  8653 | D:8      | Reached **** piety under Yredelemnul
  8727 | D:8      | Reached ***** piety under Yredelemnul
  9178 | D:9      | Found a flagged portal.
  9196 | Bailey   | Entered a bailey
  9265 | Bailey   | Reached skill level 1 in Shields
  9281 | Bailey   | Noticed an orc knight
  9281 | Bailey   | Noticed an orc knight
  9286 | Bailey   | Reached skill level 2 in Shields
  9286 | Bailey   | Reached skill level 5 in Invocations
  9592 | Bailey   | Noticed an orc knight
  9603 | Bailey   | Reached skill level 3 in Shields
  9624 | Bailey   | Killed an orc knight
  9625 | Bailey   | Reached skill level 4 in Shields
  9775 | Bailey   | Acquired a +7 lajatang of electrocution
  9777 | Bailey   | Acquired 793 gold pieces
  9779 | Bailey   | Acquired 875 gold pieces
  9876 | Bailey   | Found an iron altar of Okawaru.
  9877 | Bailey   | Noticed an orc sorcerer
 10006 | Bailey   | Killed an orc sorcerer
 10007 | Bailey   | Reached skill level 5 in Shields
 10022 | Bailey   | Killed an orc knight
 10038 | Bailey   | Identified the +3 crystal plate armour "Barye" {Int+9}
 10060 | Bailey   | Killed an orc knight
 10061 | Bailey   | Reached skill level 6 in Shields
 10101 | Bailey   | Reached XP level 12. HP: 88/92 MP: 15/19
 10543 | D:9      | Reached skill level 7 in Shields
 10543 | D:9      | Reached skill level 10 in Invocations
 10610 | D:9      | Found a staircase to the Lair.
 10853 | D:9      | Identified the +11 broad axe "Qysadeipn" {vorpal, Str+4
                  | Dex+2 SInv}
 10857 | D:9      | Noticed Maggie
 10867 | D:9      | Killed Maggie
 10868 | D:9      | Reached skill level 8 in Shields
 11011 | D:10     | Entered Level 10 of the Dungeon
 11031 | D:10     | Reached skill level 10 in Armour
 11184 | D:10     | Reached XP level 13. HP: 98/98 MP: 20/20
 11268 | D:10     | Reached skill level 9 in Shields
 11642 | D:11     | Reached skill level 10 in Shields
 11650 | D:11     | Noticed a six-headed hydra
 11654 | D:11     | Killed a six-headed hydra
 11655 | D:11     | Reached skill level 11 in Shields
 11772 | D:11     | Noticed an eight-headed hydra
 11779 | D:11     | Killed an eight-headed hydra
 11918 | D:11     | Found a staircase to the Orcish Mines.
 11959 | D:11     | Reached skill level 12 in Shields
 12246 | D:11     | Reached ****** piety under Yredelemnul
 12799 | D:11     | Found a glowing silver altar of Zin.
 12841 | D:12     | Noticed a centaur warrior
 12848 | D:12     | Killed a centaur warrior
 12881 | D:12     | Reached skill level 13 in Shields
 13186 | D:12     | Found Loyveino's General Store.
 13260 | D:12     | Bought a potion of lignification for 48 gold pieces
 13260 | D:12     | Bought a potion of resistance for 160 gold pieces
 13372 | D:12     | Noticed a boulder beetle
 13402 | D:12     | Killed a boulder beetle
 13894 | D:13     | Noticed a rakshasa
 13924 | D:13     | Killed a rakshasa
 13931 | D:13     | Reached XP level 14. HP: 83/108 MP: 21/21
 13942 | D:13     | Reached skill level 14 in Shields
 14134 | D:13     | Found a gate to the Vaults.
 14134 | D:13     | Noticed an ironbound preserver
 14152 | D:13     | Killed an ironbound preserver
 14153 | D:13     | Reached skill level 10 in Fighting
 14241 | D:13     | Noticed Frances
 14264 | D:13     | Killed Frances
 14834 | D:13     | Noticed Lodul
 14838 | D:13     | Reached skill level 15 in Shields
 14846 | D:13     | Killed Lodul
 14851 | D:13     | Noticed Kirke
 14873 | D:13     | Killed Kirke
 14873 | D:13     | Enslaved Kirke
 15658 | D:14     | Reached skill level 10 in Evocations
 16366 | Lair:1   | Entered Level 1 of the Lair of Beasts
 17446 | Lair:2   | Reached XP level 15. HP: 112/122 MP: 22/22
 17607 | Lair:2   | Found a staircase to the Shoals.
 17650 | Lair:2   | Acquired the +5 tower shield of Gravity {rC- rCorr Int+10
                  | SInv}
 17700 | Lair:2   | Identified the +4 chain mail of Disaster {Will+}
 17984 | Lair:2   | Found a hole to the Spider Nest.
 18204 | Lair:3   | Noticed Gastronok
 18216 | Lair:3   | Killed Gastronok
 18624 | Lair:3   | Noticed Urug
 18634 | Lair:3   | Killed Urug
 19225 | Lair:4   | Found a viscous altar of Jiyva.
 19509 | Lair:4   | Noticed Nessos
 19517 | Lair:4   | Killed Nessos
 19607 | Lair:4   | Found a staircase to the Slime Pits.
 19671 | Lair:4   | Reached skill level 16 in Shields
 20324 | Lair:5   | Entered Level 5 of the Lair of Beasts
 20901 | Lair:5   | Reached XP level 16. HP: 134/134 MP: 23/23
 21027 | Lair:5   | Reached skill level 17 in Shields
 21521 | Lair:5   | Identified the ring of Titat {rPois rF+ rC+}
 21531 | Lair:5   | Identified the +7 morningstar of Zalop {venom, rElec Str-4
                  | Int+5}
 21792 | D:15     | Entered Level 15 of the Dungeon
 21792 | D:15     | Noticed Jorgrun
 21803 | D:15     | Killed Jorgrun
 21922 | D:15     | Reached skill level 15 in Fighting
 22407 | D:15     | Found a staircase to the Depths.
 22983 | D:15     | Reached skill level 18 in Shields
 23256 | Orc:1    | Entered Level 1 of the Orcish Mines
 23277 | Orc:1    | Noticed Snorg
 23286 | Orc:1    | Killed Snorg
 23390 | Orc:2    | Entered Level 2 of the Orcish Mines
 23481 | Orc:2    | Found a staircase to the Elven Halls.
 23692 | Orc:2    | Your ally Kirke died
 24009 | Orc:2    | Found Niosoutt's Distillery.
 24012 | Orc:2    | Found Xutuman's Distillery.
 24013 | Orc:2    | Found Wiowkok's General Store.
 24014 | Orc:2    | Found Tenuhuxt's Jewellery Boutique.
 24017 | Orc:2    | Bought a scroll of acquirement for 572 gold pieces
 24018 | Orc:2    | Bought a potion of heal wounds for 60 gold pieces
 24024 | Orc:2    | Bought a potion of might for 56 gold pieces
 24024 | Orc:2    | Bought a potion of heal wounds for 70 gold pieces
 24485 | Orc:2    | Acquired a manual of Staves
 24540 | Orc:1    | Noticed Erica
 24546 | Orc:1    | Reached XP level 17. HP: 142/142 MP: 24/24
 24557 | Orc:1    | Killed Erica
 24567 | Orc:1    | Reached skill level 19 in Shields
 24658 | Orc:1    | Noticed Nergalle
 24679 | Orc:1    | Killed Nergalle
 25153 | Spider:1 | Entered Level 1 of the Spider Nest
 25313 | Spider:1 | Reached skill level 15 in Armour
 25382 | Spider:1 | You fall into a shaft and drop 1 floor!
 26163 | Spider:2 | Reached skill level 20 in Shields
 26582 | Spider:2 | Identified the +10 lajatang of the Jester {pain, rPois rF-
                  | Will+ MP+9}
 26724 | Spider:3 | Found a runed translucent door.
 26729 | Spider:3 | Noticed p0werm0de's ghost (journeyman BaIE)
 26775 | Spider:3 | Noticed Arachne
 26796 | Spider:3 | Killed Arachne
 27805 | Spider:3 | Noticed Asterion
 27853 | Spider:3 | Killed Asterion
 27853 | Spider:3 | Enslaved Asterion
 28138 | Spider:3 | Killed p0werm0de's ghost
 28180 | Spider:4 | Entered Level 4 of the Spider Nest
 28351 | Spider:4 | Reached XP level 18. HP: 137/149 MP: 25/25
 28599 | Spider:4 | Got a gossamer rune of Zot
 29434 | Shoals:1 | Entered Level 1 of the Shoals
 29448 | Shoals:1 | Reached skill level 15 in Short Blades
 29697 | Shoals:1 | Found Mumiregh's Jewellery Shop.
 29764 | Shoals:1 | Got Loydeox's Octavo of Arcane Weapons
 30068 | Shoals:2 | Found Fyluitwet's Vocational Training.
 30095 | Shoals:2 | Bought a manual of Evocations for 1120 gold pieces
 30095 | Shoals:2 | Bought a manual of Invocations for 1120 gold pieces
 30454 | Shoals:2 | Got the Compilation of Conflict and Stones
 30505 | Shoals:2 | Found Bimnafig's Weapon Emporium.
 30879 | Shoals:3 | Reached XP level 19. HP: 155/155 MP: 27/27
 31005 | Shoals:3 | Identified the +1 chain mail "Hero's Friend" {rC+ rCorr
                  | Int+2 Stlth+}
 31468 | Shoals:4 | Entered Level 4 of the Shoals
 31607 | Shoals:4 | Found Ypnim's One-of-a-Kind Rings.
 32173 | Shoals:4 | Got a barnacled rune of Zot
 32517 | Shoals:4 | Identified the +5 mace of Ytsureupn {vorpal, *Rage +Blink
                  | Int-3 Dex+7}
 32585 | Shoals:4 | Found the +3 giant club "Skullcrusher" {speed, Str+7}
 33151 | Vaults:1 | Entered Level 1 of the Vaults
 33613 | Vaults:1 | Reached XP level 20. HP: 164/164 MP: 28/30
 33999 | Vaults:1 | Reached skill level 21 in Shields
 34820 | Vaults:2 | Found a staircase to the Crypt.
 34864 | Vaults:2 | Noticed Zenata
 34872 | Vaults:2 | Killed Zenata
 35015 | Vaults:2 | Noticed Donald
 35022 | Vaults:2 | Killed Donald
 35253 | Vaults:2 | Reached skill level 15 in Invocations
 35571 | Vaults:2 | Reached XP level 21. HP: 172/172 MP: 32/32
 35761 | Vaults:2 | Noticed Mennas
 35779 | Vaults:2 | Killed Mennas
 35793 | Vaults:2 | Reached skill level 15 in Evocations
 36137 | Vaults:3 | Reached skill level 22 in Shields
 38348 | Vaults:4 | Found the -2 hat of the Alchemist {rElec rPois rF+ rC+ rN+
                  | Will+ rMut rCorr}
 38697 | Vaults:4 | Reached XP level 22. HP: 183/183 MP: 33/33
 39598 | Elf:1    | Entered Level 1 of the Elven Halls
 40090 | Elf:1    | Reached skill level 23 in Shields
 40925 | Elf:2    | Identified the +7 flail of Fedhas's Regard {vorpal, *Noise
                  | Str+3 Int+4}
 41190 | Elf:2    | Found a runed translucent gate.
 41190 | Elf:2    | Found a runed translucent gate.
 41190 | Elf:2    | Found a runed translucent gate.
 41766 | Elf:2    | Noticed Agnes
 41773 | Elf:2    | Killed Agnes
 41983 | Elf:3    | Entered Level 3 of the Elven Halls
 42054 | Elf:3    | Reached XP level 23. HP: 192/192 MP: 34/34
 42383 | Elf:3    | Reached skill level 24 in Shields
 42497 | Elf:3    | Identified the +5 ring mail of a wizard's laboratory
                  | {Str+5}
 42510 | Elf:3    | Identified the +3 whip "Worm" {spect, Int+4}
 42516 | Elf:3    | Got The Spellbook of Greatest Risks and Utility
 42598 | Elf:3    | Found a flickering gateway to a bazaar.
 42624 | Bazaar   | Entered a bazaar
 42624 | Bazaar   | Found Raps's Weapon Boutique.
 42624 | Bazaar   | Found Zoplotaz's Antique Weapon Shop.
 42624 | Bazaar   | Found Qaiss's Antique Armour Shop.
 42628 | Bazaar   | Bought a throwing net for 30 gold pieces
 42972 | Elf:3    | Identified the +1 robe of Pan-Flutes {Dex+2 Slay+2}
 42974 | Elf:3    | Identified the ring of Etru {rElec rPois Will++ Str+6}
 43009 | Elf:3    | Identified the +8 longbow "Efuzont" {venom, rC+}
 43503 | Depths:1 | Entered Level 1 of the Depths
 43585 | Depths:1 | Found a gateway to Hell.
 44041 | Depths:1 | Found a sacrificial altar of Ru.
 44429 | Depths:2 | Reached XP level 24. HP: 105/203 MP: 34/34
 44610 | Depths:2 | Noticed the Enchantress
 44648 | Depths:2 | Your ally Asterion died
 44663 | Depths:2 | Killed the Enchantress
 44711 | Depths:2 | Got the Precepts of the Mausoleum and Contamination
 44715 | Depths:2 | Identified the +11 mace "Spiderbane" {vorpal, rElec Str+7}
 44716 | Depths:2 | Identified the +4 ring mail of the Lobster {Drain Dex+6}
 45042 | Depths:2 | Reached skill level 25 in Shields
 45292 | Depths:2 | Found a one-way gate leading to the halls of Pandemonium.
 46006 | Depths:2 | Found a one-way gateway to a ziggurat.
 46375 | Depths:3 | Found a one-way gate to the infinite horrors of the Abyss.
 46423 | Depths:3 | Reached skill level 26 in Shields
 46676 | Depths:3 | You fall into a shaft and drop 1 floor!
 46676 | Depths:4 | Entered Level 4 of the Depths
 47334 | Depths:4 | Found a transporter.
 47337 | Depths:4 | Noticed EvilAshe's ghost (veteran VSBe)
 47337 | Depths:4 | Noticed a golden dragon
 47338 | Depths:4 | Found a transporter.
 47376 | Depths:4 | Reached skill level 27 in Shields
 47390 | Depths:4 | Noticed a golden dragon
 47406 | Depths:4 | Noticed a golden dragon
 47409 | Depths:4 | Killed a golden dragon
 47445 | Depths:4 | Killed a golden dragon
 47672 | Depths:4 | Reached XP level 25. HP: 211/211 MP: 34/34
 48038 | Depths:4 | Found a gate to the Realm of Zot.
 48709 | Vaults:4 | You fall into a shaft and drop 1 floor!
 48709 | Vaults:5 | Entered Level 5 of the Vaults
 49052 | Vaults:5 | Noticed a dread lich
 49068 | Vaults:5 | Killed a dread lich
 49218 | Vaults:5 | Identified the +8 mace of Dismay {protect, rC+ Will+ MP+9
                  | Int+3}
 49354 | Vaults:5 | Got a silver rune of Zot
 49423 | Vaults:5 | Identified the +0 chain mail "Poaxt" {rElec Slay+4}
 49553 | Vaults:5 | Found Zeastrulu's Jewellery Shoppe.
 49684 | Vaults:5 | Identified the +7 trident "Pefiq" {speed, +Blink rF+++
                  | Will- Stlth+}
 49738 | Vaults:5 | Noticed an ancient lich
 49769 | Vaults:5 | Killed an ancient lich
 50027 | Vaults:5 | Identified the +9 scimitar of Evil {speed, *Corrode rElec
                  | rN+ Dex+3}
 50163 | Vaults:5 | Identified the +1 pearl dragon scales of Iguel {Rampage rF+
                  | rN+ Will++ Int+3}
 50168 | Vaults:5 | Identified the +9 quarterstaff "Siec" {spect, rF+ rCorr}
 50181 | Vaults:5 | Found the +6 arbalest "Damnation" {damnation}
 50203 | Vaults:5 | Identified the +1 pair of gloves "Qyryreuz" {rElec rF- rC+
                  | Int+9}
 50298 | Vaults:5 | Reached XP level 26. HP: 195/222 MP: 34/34
 50789 | Zot:1    | Entered Level 1 of the Realm of Zot
 50837 | Zot:1    | HP: 3/222 [green draconian/+0 hand axe[a white draconian
                  | stormcaller] (11)]
 50837 | Zot:1    | Constricted to death by a tentacled monstrosity

Illustrated notes

Levels and vault maps discovered:
D:1:      minmay_arrival_shattered_statue, layout_basic,
          ebering_ecumenical_altar_rust, hangedman_decor_opposing, minivault_24,
          minmay_tromino_v7
D:2:      layout_loops_ring, basic_altar, serial_shops, shop,
          minmay_split_cup_large
D:3:      layout_basic, corexii_leaking_fountain, st_stairs_4
D:4:      layout_rooms, minmay_hedge_maze, uniq_edmund
D:5:      layout_gridville, serial_co_window_serial, co_window_of_opportunity_a,
          co_window_paths_a, co_window_cross_1, co_window_corner_a,
          co_window_paths_b, co_window_corner_a, co_window_paths_a,
          co_window_broadway_a, co_window_paths_c, co_window_paths_c,
          co_window_broadway_b, co_window_cross_3, co_window_corner_b,
          co_window_broadway_c, co_window_paths_e, co_window_paths_d,
          glass_columns_b, glass_columns_a, glass_columns_a, glass_columns_b
D:6:      minmay_goblin_kobold_castle, layout_basic,
          mainiacjoe_overflow_small_starburst, kennysheep_small_square
D:7:      layout_loops_corners, temple_statues, ebering_ghost_rock_garden,
          uniq_joseph
D:8:      layout_loops_cross, st_stairs_5
D:9:      layout_rooms, erik_lair_island, enter_bailey_5, disabler_island,
          uniq_maggie
D:10:     layout_small_grid
D:11:     minmay_ornate_pinched, layout_irregular_city, david_orc_3,
          zin_statuary
D:12:     layout_basic, serial_shops, shop, kennysheep_potato
D:13:     layout_basic, skrybe_vaults_entry_preservation,
          kennysheep_big_empty_room, uniq_lodul, uniq_frances, uniq_kirke
D:14:     layout_basic, nrook_mini_vaults
D:15:     hangedman_depths_entry_try_elsewhere_first, layout_long_grid,
          chequers_serial_rivers_micro_d, uniq_jorgrun
Temple:   compressed_dpeg_circular_temple
Lair:1:   layout_concentric_octagons
Lair:2:   layout_concentric_octagons, elwin_shoals_entry_rooms,
          spider_nest_entry_a
Lair:3:   layout_hall_layers, uniq_urug, uniq_gastronok
Lair:4:   layout_layer_cave, slime_entry_1, beast_lair_carwin_1, uniq_nessos
Lair:5:   grunt_lair_end_beastmaster, layout_loops_ring
Shoals:1: layout_shoals, serial_shops, nicolae_shop_advertising_works
          [nicolae_subvault_shop_adworks], st_shoals_ruin
Shoals:2: layout_shoals, serial_shops, nicolae_diamond_shop,
          nicolae_shop_vocational
Shoals:3: layout_shoals, nicolae_shoals_circle_sea_wall
Shoals:4: shoals_end_simple, layout_shoals, nicolae_shop_unique_rings,
          yaktaur_hedge
Spider:1: layout_spider_delve
Spider:2: layout_spider_delve, hangedman_spider_tarantella_strand
Spider:3: layout_cave_pods, ebering_ghost_reflecting_pool, uniq_arachne,
          uniq_asterion
Spider:4: guppyfry_spider_rune
Orc:1:    layout_caves, mines2_lemuel, uniq_snorg, uniq_erica, uniq_nergalle
Orc:2:    st_orc_pillars, layout_caves
Elf:1:    layout_onion_city, minmay_elf_crystal_heptagon
Elf:2:    elven_hall_of_blades_hangedman_original
          [nicolae_blade_entry_floor_patterns], layout_loops_corners, uniq_agnes
Elf:3:    minmay_elf_hall_spiked, layout_gridlike, serial_shops, bzr_entry_gold,
          hex_tiny
Vaults:1: ontoclasm_vaults_chip, nicolae_vaults_triangles, serial_ice_g,
          v_misc_28, nicolae_vaults_murderbox, hangedman_vaults_locks,
          v_rooms_4, vaults_room_grunt_arrival_checkpoint,
          nicolae_vaults_circle_grid_b, layout_vaults_omnibox
Vaults:2: vaults_dpeg_emergency_exit, v_pattern_5, v_misc_2, v_misc_28,
          v_alt_pattern_6, blue_anna_dwarven_crypt, layout_vaults_omnigrid,
          uniq_donald, uniq_mennas, uniq_zenata
Vaults:3: vaults_mumra_hexcomb, vaults_room_fancy_cross, ontoclasm_vaults_spin,
          v_misc_29, v_rooms_1, vaults_room_boxed, ontoclasm_vaults_bender,
          nicolae_vaults_puzzle_piece, nicolae_vaults_diagonal_hallway_7,
          layout_vaults_chaotic_city
Vaults:4: ontoclasm_vaults_ring_small, v_alt_pattern_3,
          nicolae_vaults_angled_halls, v_alt_pattern_2,
          nicolae_vaults_little_squares_2, nicolae_vaults_rhombus_5,
          ontoclasm_vaults_ring_square, nicolae_vaults_alarming, v_rooms_3,
          st_more_cells, v_alt_pattern_1, layout_vaults_ring
Vaults:5
Depths:1: layout_cave_pools, hell_entry, nicolae_ru_great_annihilating_truth
Depths:2: grunt_forest_end_chambers, layout_basic, enter_ziggurat_f,
          rand_demon_pan_entry_5, hell_entry, minmay_misc_feat_tower
Depths:3: minmay_curly_fans, layout_twisted_cross, abyss_entry,
          skrybe_limestone_x, pf_vacation_house_of_asmodeus
Depths:4: evilmike_zot_entry_basic, layout_honeycomb,
          hangedman_abyss_or_decor_clamps, gammafunk_ghost_arena,
          pf_hell_entry_tar_river, corexii_corridor_pit
Zot:1:    layout_gridlike, hellmonk_ghost_happy_afterlife, drop_trap

Skill      XL: |  1  2  3  4  5  6  7  8  9 10 11 12 13 14 15 16 17 18 19 20 21 22 23 24 25 |
---------------+----------------------------------------------------------------------------+-----
Staves         | 4 5 |  5.0
Short Blades   | 3 5 7 9 10 13 16 17 18 19 20 21 | 21.3
Stealth        | 5 |  5.0
Armour         | 4 5 9 10 12 14 15 16 17 18 19 20 21 | 21.5
Fighting       | 5 8 9 12 14 15 16 17 18 19 20 21 | 21.5
Evocations     | 5 6 8 10 12 14 15 | 15.0
Invocations    | 3 9 10 11 13 15 | 15.0
Shields        | 6 8 13 15 16 18 20 21 22 23 24 27 | 27.0
Throwing       | |  2.0
Dodging        | |  2.6

Action                   |  1- 3 |  4- 6 |  7- 9 | 10-12 | 13-15 | 16-18 | 19-21 | 22-24 | 25-27 || total
-------------------------+-------+-------+-------+-------+-------+-------+-------+-------+-------++-------
Melee: Quarterstaff      |    88 |    40 |       |       |       |       |       |       |       ||   128
       Punch             |     2 |       |     4 |     3 |       |       |       |       |       ||     9
       Pair of quick bla |       |    43 |   203 |   353 |  1083 |  1505 |  1311 |  1734 |   723 ||  6955
Invok: Recall Undead Har |       |       |       |       |     9 |     6 |     5 |     7 |     2 ||    29
       Bind Soul         |       |       |       |       |     2 |     2 |       |     1 |     1 ||     6
       Drain Life        |       |       |       |       |       |     6 |     3 |     6 |     1 ||    16
 Abil: Dig               |       |       |       |       |       |       |     2 |       |       ||     2
       Shaft Self        |       |       |       |       |       |       |       |       |     1 ||     1
Evoke: Wand              |       |       |       |       |       |     3 |       |       |     2 ||     5
       Box of beasts     |       |       |       |       |       |       |     1 |     1 |     1 ||     3
  Use: Scroll            |     7 |     9 |     2 |     3 |    11 |     3 |       |       |     2 ||    37
       Potion            |       |     1 |       |     1 |       |     2 |     1 |       |     4 ||     9
 Stab: Sleeping          |     2 |     1 |     1 |     4 |       |       |       |     1 |       ||     9
       Distracted        |       |       |     1 |     1 |    11 |    26 |    29 |    28 |    12 ||   108
       Petrifying        |       |       |       |       |     2 |       |       |       |       ||     2
       Petrified         |       |       |       |       |       |     3 |       |       |       ||     3
       Invisible         |       |       |       |       |       |     2 |       |       |       ||     2
       Confused          |       |       |       |       |       |       |     3 |       |       ||     3
       Fleeing           |       |       |       |       |       |       |       |    12 |       ||    12
Armor: Leather armour    |    28 |    13 |    32 |    12 |       |       |       |       |       ||    85
       Chain mail        |       |       |       |    17 |       |       |       |       |       ||    17
       Crystal plate arm |       |       |       |    37 |   262 |   319 |   262 |   322 |   162 ||  1364
Dodge: Dodged            |    65 |    51 |   112 |   113 |   140 |   145 |   113 |    83 |    43 ||   865
Block: Buckler           |       |       |       |    23 |   130 |       |       |       |       ||   153
       Tower shield      |       |       |       |       |   205 |  1173 |   804 |   994 |   399 ||  3575
